[ AOE2 MATCH · #507024758 ]
UnrankedLithuanians vs Gurjaras
Player's team · LOSS
Rival team · WIN
[ REPLAY ANALYSIS · EXTRACTED FROM THE RECORDED GAME ]
Feudal
9:45
Castle
19:35
Imperial
—
| APM avg | 68.7 |
| APM peak | 92 |
| eAPM avg | 32.2 |
| Villagers / military | 52 / 27 |
Focus
⚔️ 38.3% · 🌾 61.7%
Archer ×25 · Fishing Ship ×17 · Spearman ×2
Feudal
10:18
Castle
20:09
Imperial
—
| APM avg | 67.8 |
| APM peak | 112 |
| eAPM avg | 23.4 |
| Villagers / military | 36 / 11 |
Focus
⚔️ 28.5% · 🌾 71.5%
Fishing Ship ×18 · Scout Cavalry ×7 · Militia ×3 · Camel Scout ×1
Match map
Initial resources + every placement click. Lines = walls · curves = elevation contours. ◆ gold · ⬟ stone · ● berries · ✦ relic · ◌ wall gap
Your base· Open — 14t gap
uel's base· Open — 5t gap
Smoothed initial terrain · ◌ = detected wall gap · hover for details
Inputs per minute
— [RUS-F]Believe_me - - uel
Build order — [RUS-F]Believe_me
First 150 of 176 actions detected
| 0:00 | Queue | Villager (Male) ×5 |
| 0:01 | Queue | Villager (Male) ×5 |
| 0:02 | Build | House |
| 0:03 | Build | House |
| 1:08 | Build | Lumber Camp |
| 1:33 | Queue | Villager (Male) |
| 1:34 | Queue | Villager (Male) |
| 2:05 | Queue | Villager (Male) |
| 2:49 | Queue | Villager (Male) |
| 2:49 | Queue | Villager (Male) |
| 3:12 | Build | Dock |
| 3:24 | Queue | Villager (Male) |
| 3:24 | Queue | Villager (Male) |
| 3:34 | Build | House |
| 3:44 | Build | Palisade Wall |
| 3:54 | Queue | Fishing Ship |
| 3:54 | Queue | Fishing Ship |
| 4:06 | Queue | Villager (Male) |
| 4:06 | Queue | Villager (Male) |
| 4:06 | Queue | Villager (Male) |
| 4:31 | Queue | Villager (Male) |
| 4:31 | Queue | Villager (Male) |
| 4:51 | Queue | Villager (Male) |
| 4:55 | Queue | Fishing Ship |
| 4:57 | Build | House |
| 5:13 | Build | House |
| 5:19 | Queue | Villager (Male) |
| 5:19 | Queue | Villager (Male) |
| 5:37 | Queue | Fishing Ship |
| 5:47 | Build | Palisade Wall |
| 6:00 | Queue | Villager (Male) |
| 6:13 | Build | Palisade Wall |
| 6:18 | Queue | Villager (Male) |
| 6:30 | Queue | Fishing Ship |
| 6:30 | Queue | Fishing Ship |
| 6:32 | Queue | Villager (Male) |
| 7:05 | Queue | Fishing Ship |
| 7:14 | Build | Palisade Wall |
| 7:29 | Build | Palisade Wall |
| 7:30 | Build | Palisade Wall |
| 7:35 | Research | Feudal Age |
| 7:35 | Research | Feudal Age |
| 8:18 | Build | Palisade Wall |
| 8:39 | Research | Loom |
| 8:54 | Build | Palisade Wall |
| 8:59 | Build | House |
| 9:21 | Build | Palisade Wall |
| 9:27 | Build | Dock |
| 9:28 | Queue | Villager (Male) |
| 9:42 | Build | Barracks |
| 9:45 | Age | Feudal Age |
| 9:47 | Research | Double-Bit Axe |
| 9:47 | Research | Double-Bit Axe |
| 9:52 | Research | Tech 906 |
| 9:52 | Research | Tech 906 |
| 10:08 | Queue | Villager (Male) |
| 10:16 | Build | Mining Camp |
| 10:20 | Build | Archery Range |
| 10:28 | Build | Archery Range |
| 10:36 | Build | House |
| 10:37 | Queue | Villager (Male) |
| 10:41 | Build | Palisade Wall |
| 10:52 | Queue | Fishing Ship |
| 10:52 | Queue | Fishing Ship |
| 10:56 | Queue | Villager (Male) |
| 11:09 | Queue | Archer |
| 11:26 | Build | Palisade Wall |
| 11:27 | Build | Palisade Wall |
| 11:29 | Build | Palisade Wall |
| 11:29 | Build | Palisade Wall |
| 11:30 | Build | House |
| 11:34 | Queue | Archer |
| 11:35 | Queue | Fishing Ship |
| 11:36 | Queue | Fishing Ship |
| 11:36 | Queue | Fishing Ship |
| 11:49 | Queue | Villager (Male) |
| 11:50 | Queue | Villager (Male) |
| 12:08 | Queue | Villager (Male) |
| 12:12 | Build | Blacksmith |
| 12:19 | Queue | Archer |
| 12:29 | Build | House |
| 12:32 | Queue | Villager (Male) |
| 12:35 | Queue | Archer |
| 12:43 | Queue | Fishing Ship |
| 12:43 | Queue | Fishing Ship |
| 12:48 | Build | House |
| 13:07 | Build | House |
| 13:09 | Build | House |
| 13:10 | Build | House |
| 13:12 | Queue | Archer |
| 13:12 | Queue | Archer |
| 13:14 | Queue | Villager (Male) |
| 13:34 | Queue | Archer |
| 13:34 | Queue | Archer |
| 13:58 | Queue | Villager (Male) |
| 14:05 | Build | House |
| 14:09 | Queue | Fishing Ship |
| 14:09 | Queue | Fishing Ship |
| 14:09 | Queue | Fishing Ship |
| 14:16 | Build | House |
| 14:18 | Build | Palisade Wall |
| 14:19 | Build | Palisade Wall |
| 14:20 | Build | House |
| 14:23 | Queue | Villager (Male) |
| 14:42 | Queue | Archer |
| 14:42 | Queue | Archer |
| 14:50 | Queue | Villager (Male) |
| 15:06 | Build | Lumber Camp |
| 15:12 | Queue | Spearman |
| 15:12 | Queue | Spearman |
| 15:19 | Build | Palisade Gate |
| 15:25 | Build | House |
| 15:32 | Queue | Villager (Male) |
| 15:43 | Build | Gate |
| 16:05 | Queue | Villager (Male) |
| 16:17 | Build | Mining Camp |
| 16:23 | Queue | Archer |
| 16:28 | Queue | Villager (Male) |
| 16:39 | Build | House |
| 16:40 | Build | House |
| 16:44 | Build | Archery Range |
| 16:46 | Build | Palisade Wall |
| 16:52 | Research | Castle Age |
| 16:52 | Research | Castle Age |
| 16:53 | Research | Padded Archer Armor |
| 16:53 | Research | Padded Archer Armor |
| 16:58 | Research | Fletching |
| 16:59 | Research | Fletching |
| 17:00 | Queue | Villager (Male) |
| 17:04 | Build | House |
| 17:05 | Build | House |
| 17:08 | Build | Palisade Wall |
| 17:20 | Queue | Villager (Male) |
| 17:26 | Build | Dock |
| 17:32 | Queue | Archer |
| 17:32 | Queue | Archer |
| 17:32 | Queue | Archer |
| 17:33 | Queue | Archer |
| 17:51 | Queue | Archer |
| 17:51 | Queue | Archer |
| 17:51 | Queue | Archer |
| 17:57 | Build | Gate |
| 18:04 | Build | House |
| 18:20 | Build | House |
| 18:23 | Build | House |
| 18:40 | Queue | Villager (Male) |
| 18:45 | Queue | Villager (Male) |
| 18:58 | Queue | Villager (Male) |
| 19:01 | Queue | Archer |
| 19:01 | Queue | Archer |
Build order — uel
122 actions detected in the replay
| 0:01 | Queue | Villager (Male) |
| 0:01 | Queue | Villager (Male) |
| 0:01 | Queue | Villager (Male) |
| 0:02 | Build | House |
| 0:03 | Build | House |
| 0:21 | Queue | Villager (Male) |
| 0:22 | Queue | Villager (Male) |
| 1:24 | Queue | Villager (Male) |
| 1:47 | Build | Lumber Camp |
| 1:52 | Queue | Villager (Male) |
| 2:16 | Queue | Villager (Male) |
| 2:37 | Queue | Villager (Male) |
| 3:05 | Queue | Villager (Male) |
| 3:41 | Queue | Villager (Male) |
| 3:49 | Build | House |
| 4:06 | Queue | Villager (Male) |
| 4:17 | Build | Dock |
| 4:28 | Queue | Villager (Male) |
| 4:41 | Queue | Villager (Male) |
| 5:04 | Queue | Fishing Ship |
| 5:08 | Queue | Villager (Male) |
| 5:14 | Build | Palisade Wall |
| 5:15 | Build | Palisade Wall |
| 5:25 | Queue | Villager (Male) |
| 5:32 | Build | House |
| 5:50 | Queue | Fishing Ship |
| 6:17 | Queue | Villager (Male) |
| 6:25 | Build | House |
| 6:30 | Queue | Villager (Male) |
| 6:31 | Queue | Fishing Ship |
| 7:00 | Queue | Villager (Male) |
| 7:02 | Research | Loom |
| 7:53 | Build | Barracks |
| 7:59 | Research | Feudal Age |
| 8:19 | Queue | Fishing Ship |
| 8:40 | Queue | Militia |
| 8:41 | Queue | Militia |
| 8:49 | Build | House |
| 9:00 | Build | Palisade Gate |
| 9:02 | Build | Palisade Gate |
| 9:18 | Queue | Militia |
| 9:27 | Build | Lumber Camp |
| 9:29 | Build | Lumber Camp |
| 9:32 | Build | House |
| 10:00 | Queue | Villager (Male) |
| 10:18 | Age | Feudal Age |
| 10:23 | Research | Man-at-Arms (upgrade) |
| 10:36 | Queue | Villager (Male) |
| 10:38 | Build | Stable |
| 10:46 | Queue | Villager (Male) |
| 10:54 | Research | Double-Bit Axe |
| 10:54 | Research | Double-Bit Axe |
| 10:56 | Queue | Fishing Ship |
| 11:10 | Build | Palisade Wall |
| 11:13 | Queue | Fishing Ship |
| 11:25 | Build | Mill |
| 11:26 | Queue | Villager (Male) |
| 11:37 | Build | House |
| 11:39 | Build | House |
| 11:42 | Queue | Villager (Male) |
| 12:02 | Build | Dock |
| 12:09 | Build | House |
| 12:14 | Build | House |
| 12:15 | Build | House |
| 12:18 | Queue | Scout Cavalry |
| 12:27 | Build | House |
| 12:30 | Queue | Villager (Male) |
| 12:36 | Build | Palisade Wall |
| 12:45 | Queue | Fishing Ship |
| 12:54 | Queue | Scout Cavalry |
| 12:59 | Build | House |
| 13:06 | Research | Tech 906 |
| 13:17 | Queue | Fishing Ship |
| 13:24 | Queue | Scout Cavalry |
| 13:26 | Build | House |
| 13:29 | Build | Palisade Wall |
| 13:30 | Build | Palisade Wall |
| 13:35 | Queue | Villager (Male) |
| 13:40 | Queue | Fishing Ship |
| 13:40 | Queue | Fishing Ship |
| 14:00 | Queue | Scout Cavalry |
| 14:04 | Build | Blacksmith |
| 14:06 | Build | Palisade Wall |
| 14:11 | Queue | Villager (Male) |
| 14:20 | Queue | Villager (Male) |
| 14:22 | Queue | Fishing Ship |
| 14:26 | Build | House |
| 14:30 | Build | Palisade Wall |
| 14:33 | Queue | Scout Cavalry |
| 14:44 | Queue | Villager (Male) |
| 14:45 | Build | Mining Camp |
| 14:55 | Build | Palisade Gate |
| 15:02 | Build | House |
| 15:06 | Queue | Scout Cavalry |
| 15:17 | Queue | Fishing Ship |
| 15:17 | Queue | Fishing Ship |
| 15:46 | Queue | Villager (Male) |
| 15:56 | Queue | Villager (Male) |
| 16:01 | Build | House |
| 16:09 | Queue | Fishing Ship |
| 16:13 | Queue | Villager (Male) |
| 16:22 | Build | Market |
| 16:25 | Queue | Villager (Male) |
| 16:40 | Queue | Fishing Ship |
| 16:47 | Queue | Villager (Male) |
| 17:29 | Research | Castle Age |
| 17:29 | Research | Castle Age |
| 17:34 | Build | Stable |
| 17:44 | Research | Bloodlines |
| 18:15 | Research | Scale Barding Armor |
| 18:16 | Queue | Fishing Ship |
| 18:17 | Queue | Fishing Ship |
| 18:36 | Queue | Scout Cavalry |
| 18:46 | Research | Forging |
| 19:06 | Queue | Fishing Ship |
| 19:36 | Build | Dock |
| 20:00 | Queue | Villager (Male) |
| 20:09 | Age | Castle Age |
| 20:11 | Build | Town Center |
| 20:12 | Queue | Camel Scout |
| 20:13 | Research | Chain Barding Armor |
| 20:15 | Queue | Villager (Male) |
Match timeline
| 3:12 | [RUS-F]Believe_me · first_building Dock |
| 3:44 | [RUS-F]Believe_me · wall_segment Palisade Wall x1 |
| 4:17 | uel · first_building Dock |
| 5:14 | uel · wall_segment Palisade Wall x1 |
| 5:15 | uel · wall_segment Palisade Wall x1 |
| 5:47 | [RUS-F]Believe_me · wall_segment Palisade Wall x8 |
| 6:13 | [RUS-F]Believe_me · wall_segment Palisade Wall x3 |
| 7:14 | [RUS-F]Believe_me · wall_segment Palisade Wall x5 |
| 7:29 | [RUS-F]Believe_me · wall_segment Palisade Wall x7 |
| 7:30 | [RUS-F]Believe_me · wall_segment Palisade Wall x5 |
| 7:53 | uel · first_building Barracks |
| 8:18 | [RUS-F]Believe_me · wall_segment Palisade Wall x3 |
| 8:54 | [RUS-F]Believe_me · wall_segment Palisade Wall x1 |
| 9:21 | [RUS-F]Believe_me · wall_segment Palisade Wall x1 |
| 9:42 | [RUS-F]Believe_me · first_building Barracks |
| 9:45 | [RUS-F]Believe_me · age_up feudal |
| 10:18 | uel · age_up feudal |
| 10:20 | [RUS-F]Believe_me · first_building Archery Range |
| 10:38 | uel · first_building Stable |
| 10:41 | [RUS-F]Believe_me · wall_segment Palisade Wall x1 |
| 11:10 | uel · wall_segment Palisade Wall x9 |
| 11:26 | [RUS-F]Believe_me · wall_segment Palisade Wall x1 |
| 11:27 | [RUS-F]Believe_me · wall_segment Palisade Wall x1 |
| 11:29 | [RUS-F]Believe_me · wall_segment Palisade Wall x1 |
| 11:29 | [RUS-F]Believe_me · wall_segment Palisade Wall x1 |
| 12:36 | uel · wall_segment Palisade Wall x15 |
| 13:29 | uel · wall_segment Palisade Wall x5 |
| 13:30 | uel · wall_segment Palisade Wall x4 |
| 14:06 | uel · wall_segment Palisade Wall x1 |
| 14:18 | [RUS-F]Believe_me · wall_segment Palisade Wall x1 |
| 14:19 | [RUS-F]Believe_me · wall_segment Palisade Wall x1 |
| 14:30 | uel · wall_segment Palisade Wall x1 |
| 16:46 | [RUS-F]Believe_me · wall_segment Palisade Wall x1 |
| 17:08 | [RUS-F]Believe_me · wall_segment Palisade Wall x1 |
| 17:17 | uel · first_market_sell 100 wood |
| 19:20 | [RUS-F]Believe_me · wall_segment Palisade Wall x1 |
| 19:25 | [RUS-F]Believe_me · wall_segment Palisade Wall x1 |
| 19:27 | [RUS-F]Believe_me · wall_segment Palisade Wall x1 |
| 19:29 | [RUS-F]Believe_me · wall_segment Palisade Wall x1 |
| 19:35 | [RUS-F]Believe_me · age_up castle |
| 20:09 | uel · age_up castle |
| 20:28 | [RUS-F]Believe_me · resign |
[ AI ANALYSIS · 1 CREDIT ]
What really happened in this match?
Wolo.gg analyzes every decision: build order, eco, micro, common mistakes by bracket. Personalized analysis on WhatsApp or Discord in 30 seconds.
Civ guide
Lithuanians
Perfil
Jugador #380965